 Dungeon Crawl Stone Soup version 0.31-a0-237-g2d982f9f85 (webtiles) character file.

Game seed: 15655654975430235823

191 qw the Shooter (level 5, -1/45 HPs)
             Began as a Minotaur Hexslinger on July 11, 2023.
             Slain by a kobold brigand
             ... wielding a +0 whip
              (5 damage)
             ... in a sewer.
             The game lasted 00:01:04 (2032 turns).

qw the Shooter (Minotaur Hexslinger)                Turns: 2032, Time: 00:01:04

Health: -1/45      AC:  5    Str: 12    XL:     5   Next: 41%
Magic:  5/5        EV: 11    Int: 10    God:
Gold:   148        SH:  0    Dex: 15    Spells: 5/6 levels left

rFire   . . .        c - +2 sling (heavy)
rCold   . . .        (no shield)
rNeg    . . .        a - +0 ring mail
rPois   .            (helmet restricted)
rElec   .            (no cloak)
rCorr   .            (no gloves)
SInv    +            (no boots)
Will    .....        (no amulet)
Stlth   +            f - ring of see invisible
HPRegen 0.27/turn    (no ring)
MPRegen 0.09/turn

%: no passive effects
@: no status effects
A: horns 2, retaliatory headbutt
a: no special abilities


You were in a sewer.
You visited 1 branch of the dungeon, and saw 3 of its levels.
You also visited: Sewer.

You collected 148 gold pieces.


Innate Abilities, Weirdness & Mutations

You have a pair of horns on your head.
You reflexively headbutt those who attack you in melee.


   Skills:
 - Level 3.0 Fighting
 + Level 5.6 Ranged Weapons
 - Level 1.0 Armour
 - Level 2.1 Dodging
 - Level 1.0 Spellcasting
 - Level 2.0 Hexes


You had 5 spell levels left.
You knew the following spells:

 Your Spells              Type           Power      Damage    Failure   Level
a - Slow                  Hex            16%        N/A       34%         1

Your spell library contained the following spells:

 Spells                   Type           Power      Damage    Failure   Level
 Inner Flame              Hex/Fire       2%         N/A       83%         3
 Portal Projectile        Hex/Tloc       4%         N/A       83%         3
 Cause Fear               Hex            2%         N/A       98%         4

Inventory:

Hand Weapons
 c - a +2 heavy sling (weapon)
Armour
 a - a +0 ring mail (worn)
Jewellery
 f - a ring of see invisible (left hand)
Scrolls
 Y - a scroll of identify
Potions
 b - a potion of cancellation {unknown}
 d - a potion of attraction {unknown}
 g - a potion of degeneration {unknown}
 h - a potion of mutation {unknown}

Dungeon Overview and Level Annotations

Branches:
Dungeon (3/15)              Sewer (1/1)

Altars:
Trog
Vehumet

Annotations:
Sewer Grinder


Message History

The ufetubus barely misses you. You furiously retaliate!
You headbutt the ufetubus. The ufetubus hits you.
Grinder hits you but does no damage.
You shoot a sling bullet.
The sling bullet closely misses the ufetubus.
The sling bullet hits the kobold!
You kill the kobold!
The ufetubus closely misses you. You furiously retaliate!
You headbutt the ufetubus.
You kill the ufetubus!
Grinder closely misses you.
The kobold brigand throws a curare-tipped dart.
The curare-tipped dart barely misses you.
Grinder gestures at you.
You suddenly lose the ability to move!
Grinder hits you but does no damage.
A kobold comes into view. It is wielding a +0 club.
The kobold brigand hits you with a +0 whip.
Grinder hits you but does no damage.
The kobold brigand hits you with a +0 whip.
Grinder hits you.
You writhe in agony.
The kobold brigand hits you with a +0 whip.
Grinder hits you! The kobold hits you but does no damage.
You can move again.
You shoot a sling bullet. The sling bullet barely misses Grinder.
The sling bullet barely misses the kobold.
The kobold brigand hits you with a +0 whip.
Grinder hits you. The kobold hits you with a +0 whip.
The kobold drinks a potion.
The kobold seems to grow stronger.
The kobold brigand misses you. Grinder gestures at you.
You shrug off the repeated paralysis!
You shoot a sling bullet.
The sling bullet closely misses Grinder.
The sling bullet hits the kobold brigand.
The kobold brigand is lightly wounded.
You hear a shout!
The kobold hits you with a +0 whip.
The kobold brigand hits you with a +0 whip.
You die...

.'.. .'.ยค '... .).
#.K
####K#############
~~~#.55#~~~~~~#~~~#
~~~..KK@)~~.~~~~.~#
...#.)K#......#.
#+#######~#######'#
#......#~~~#......#
#~~~~..#~~~#..~.~~#
#~~~~....~....~~~~#
#~~~~~.#...#~~~~~~#
#~~~~~)#...~~~~~~~#
#~~~~~)#...#~~~~~~#


You could see Grinder, 2 kobold brigands, an ufetubus and 3 kobolds.

Vanquished Creatures
  A gnoll (D:1)
  6 adders
  A shadow imp (Sewer)
  5 ufetubi
  A worm (D:2)
  4 dart slugs
  7 bats
  5 giant cockroaches
  3 hobgoblins
  3 jackals (D:2)
  20 kobolds
  4 quokkas
  7 ball pythons
  2 frilled lizards (D:2)
  10 goblins
  A kobold zombie (Sewer)
  6 rats
86 creatures vanquished.

Vanquished Creatures (others)
  A bat zombie (Sewer)
  An endoplasm (Sewer)
2 creatures vanquished.

Grand Total: 88 creatures vanquished

Notes
Turn   | Place    | Note
-------+----------+-------------------------------------------
     0 | D:1      | qw the Minotaur Hexslinger began the quest for the Orb.
     0 | D:1      | Reached XP level 1. HP: 16/16 MP: 1/1
     0 | D:1      | 0 ||| qw: Version: 0.3-a-52-g30416fa
     0 | D:1      | 0 ||| qw: Game counter: 5681
     0 | D:1      | 0 ||| qw: Melee chars always use a shield: true
     0 | D:1      | 0 ||| qw: God list: Okawaru
     0 | D:1      | 0 ||| qw: Allow faded altars: false
     0 | D:1      | 0 ||| qw: Do Orc after clearing Dungeon:15 true
     0 | D:1      | 0 ||| qw: Do second Lair branch before Depths: true
     0 | D:1      | 0 ||| qw: Lair rune preference: random
     0 | D:1      | 0 ||| qw: Goals: Normal
     0 | D:1      | 0 ||| PLANNING D:1-11
   232 | D:1      | Found a faded altar of an unknown god.
   266 | D:1      | Reached skill level 3 in Ranged Weapons
   268 | D:1      | Reached XP level 2. HP: 23/23 MP: 2/2
   542 | D:1      | Reached XP level 3. HP: 29/29 MP: 3/3
   876 | D:1      | 876 ||| UPGRADING to +0 leather armour.
   886 | D:1      | 886 ||| DROPPING +0 robe.
   887 | D:1      | 887 ||| READING scroll labelled ANGATE BODEGOMU.
   888 | D:1      | 888 ||| READING scroll labelled ACZEIXK VIMN.
   889 | D:1      | 889 ||| READING scroll labelled KINIYDWU VEMM.
   890 | D:1      | 890 ||| DROPPING scroll of poison.
   927 | D:2      | 927 ||| STAIRDANCE
  1023 | D:2      | Reached skill level 4 in Ranged Weapons
  1168 | D:2      | Reached XP level 4. HP: 36/36 MP: 4/4
  1321 | D:2      | 1321 ||| UPGRADING to +0 ring mail.
  1332 | D:2      | 1332 ||| DROPPING +0 leather armour.
  1338 | D:2      | 1338 ||| READING scroll labelled MUEHIPHO BIEQI.
  1339 | D:2      | 1339 ||| READING scroll labelled JILODDASU.
  1345 | D:2      | Reached skill level 1 in Armour
  1408 | D:3      | 1408 ||| PLANNING SEWER
  1581 | D:3      | Reached skill level 5 in Ranged Weapons
  1677 | D:3      | Found a radiant altar of Vehumet.
  1743 | D:3      | Found a bloodstained altar of Trog.
  1814 | D:3      | Reached skill level 3 in Fighting
  1814 | D:3      | Reached XP level 5. HP: 45/45 MP: 5/5
  1830 | D:3      | Found a glowing drain.
  1831 | D:3      | 1831 ||| UPGRADING to ring of see invisible.
  1832 | D:3      | 1832 ||| READING 2 scrolls labelled PEF WOSKISK.
  1840 | Sewer    | Entered a sewer
  1934 | Sewer    | 1934 ||| FLEEEEING.
  1935 | Sewer    | 1935 ||| FLEEEEING.
  1936 | Sewer    | 1936 ||| FLEEEEING.
  2022 | Sewer    | Noticed Grinder
  2026 | Sewer    | Paralysed by Grinder for 5 turns
  2031 | Sewer    | HP: 11/45 [kobold brigand/+0 whip (5)]
  2031 | Sewer    | HP: 4/45 [kobold/+0 whip (4)]
  2032 | Sewer    | Slain by a kobold brigand

Levels and vault maps discovered:
D:1:      ncdulo_lavacross, layout_basic, shapermc_ecumenical_altar_mp_highgroup
D:2:      layout_rooms, hangedman_glass_teeth
D:3:      layout_rooms, vehumet_altar_wand_db, overflow_temple_1_default,
          gup_sewer_entry_bubbles
Sewer:    kennysheep_sewer_church

Skill      XL: |  1  2  3  4 |
---------------+-------------+-----
Ranged Weapons | 3 4 5 |  5.6
Fighting       | 2 3 |  3.0
Armour         | 1 |  1.0
Dodging        | |  2.1
Spellcasting   | |  1.0
Hexes          | |  2.0

Action                     |  1- 3 |  4- 6 || total
---------------------------+-------+-------++-------
   Fire: Sling             |   114 |   110 ||   224
    Use: Scroll            |     3 |     3 ||     6
 Armour: Robe              |     4 |       ||     4
         Leather armour    |     9 |       ||     9
         Ring mail         |       |    29 ||    29
  Dodge: Dodged            |    20 |    44 ||    64

Table legend:
 A = Non-vault XP
 B = Vault XP
 C = Vault XP percentage of total XP
 D = Non-vault monster count
 E = Vault monster count
 F = Vault count percentage of total count
                 A         B        C        D         E       F
            +---------+---------+-------+---------+---------+-------
      Total |     185 |      88 |  32.2 |      60 |      26 |  30.2
            +---------+---------+-------+---------+---------+-------
        D:1 |      50 |       0 |   0.0 |      21 |       0 |   0.0
        D:2 |      67 |       0 |   0.0 |      23 |       0 |   0.0
        D:3 |      68 |      21 |  23.6 |      16 |       5 |  23.8
      Sewer |       0 |      67 | 100.0 |       0 |      21 | 100.0
            +---------+---------+-------+---------+---------+-------
